 Dungeon Crawl Stone Soup version 0.32-a0-913-g739538afd8 (webtiles) character file.

Game seed: 4420087623803418962

102452 SlowGraham the Cleaver (level 15, 0/103 HPs)
             Began as a Demonspawn Gladiator on Apr 8, 2024.
             Was the Champion of Okawaru.
             Slain by a death drake (shapeshifter) (4 damage)
             ... on level 13 of the Dungeon on Apr 9, 2024.
             The game lasted 02:20:45 (20034 turns).

SlowGraham the Cleaver (Demonspawn Gladiator)      Turns: 20034, Time: 02:20:46

Health: 0/103      AC: 23    Str: 22    XL:     15   Next: 86%
Magic:  21/21      EV: 15    Int: 15    God:    Okawaru [******]
Gold:   408        SH: 24    Dex: 19    Spells: 14/14 levels left

rFire   . . .        a - +5 broad axe (vamp)
rCold   . . .        k - +5 tower shield
rNeg    + + .        o - +1 pearl dragon scales "Biasar" {god gift, ^Drain rN+ Int+5}
rPois   .            X - +1 hat of Kacs {rN+}
rElec   .            O - +2 cloak
rCorr   +            N - +2 pair of gloves
SInv    .            B - +0 pair of boots of Vexation {Int+2}
Will    ++...        r - amulet of regeneration
Stlth   ++++++       p - ring of willpower
HPRegen 1.17/turn    g - ring of resist corrosion
MPRegen 0.17/turn

%: no passive effects
@: agile, lethally poisoned (0 -> -8), slowed, studying Shields, very slow
A: horns 2, thin skeletal structure 2, powered by pain 2, demonic magic 1
a: Renounce Religion, Heroism, Finesse, Duel


You were on level 13 of the Dungeon.
You worshipped Okawaru.
Okawaru was exalted by your worship.
You visited 5 branches of the dungeon, and saw 22 of its levels.
You also visited: Ossuary, Gauntlet and Ice Cave.

You collected 3571 gold pieces.
You spent 3163 gold pieces at shops.

Inventory:

Hand Weapons
 a - a +5 vampiric broad axe (weapon)
 b - the +8 rapier of Douceih {protect, Str+3}
   (You found it on level 1 of the Lair of Beasts)

   Str+3:     It affects your strength (+3).
 h - the +0 dagger "Esaybbo" {antimagic, Fly}
   (You found it on level 13 of the Dungeon)

   Fly:       It grants you flight.
 E - the +7 broad axe "Foluqi Wupe" {god gift, venom, rC+ Dex+3}
   (Okawaru gifted it to you on level 3 of the Lair of Beasts)

   Dex+3:     It affects your dexterity (+3).
   rC+:       It protects you from cold.
 S - a +0 broad axe of chaos
Missiles
 t - 23 boomerangs
 v - 12 javelins {god gift}
 x - 4 silver javelins {god gift}
 y - 47 poisoned darts
 F - 8 curare-tipped darts
 G - 43 stones (quivered)
 K - a dart of dispersal {god gift}
 Z - 3 throwing nets
Armour
 k - a +5 tower shield (worn)
 o - the +1 pearl dragon scales "Biasar" (worn) {god gift, ^Drain rN+ Int+5}
   (Okawaru gifted it to you on level 3 of the Lair of Beasts)

   Int+5:     It affects your intelligence (+5).
   rN+:       It protects you from negative energy.
   ^Drain:    It drains your maximum health when unequipped.
 w - the orb of Good Intentions {*channel, rF+++ Str-3 Int+3 SInv}
   (You found it on level 10 of the Dungeon)

   Str-3:     It affects your strength (-3).
   Int+3:     It affects your intelligence (+3).
   rF+++:     It renders you almost immune to fire.
   SInv:      It lets you see invisible.
 B - the +0 pair of boots of Vexation (worn) {Int+2}
   (You found it on level 2 of the Orcish Mines)

   Int+2:     It affects your intelligence (+2).
 J - +0 fire dragon scales
 N - a +2 pair of gloves (worn)
 O - a +2 cloak (worn)
 X - the +1 hat of Kacs (worn) {rN+}
   (You found it in a Gauntlet)

   rN+:       It protects you from negative energy.
Jewellery
 c - a ring of protection from cold
 g - a ring of resist corrosion (right hand)
 i - an amulet of reflection
 j - a ring of positive energy
 l - a ring of willpower
 p - a ring of willpower (left hand)
 r - an amulet of regeneration (around neck)
Wands
 A - a wand of acid (4)
 D - a wand of digging (1)
 P - a wand of paralysis (11)
 V - a wand of flame (9)
Scrolls
 d - 7 scrolls of immolation
 m - 2 scrolls of fear
 s - 3 scrolls of poison
 T - 10 scrolls of teleportation
 U - a scroll of vulnerability
 W - a scroll of fog
Potions
 e - 4 potions of attraction
 f - 4 potions of enlightenment
 n - 3 potions of cancellation
 u - 3 potions of ambrosia
 z - a potion of mutation
 C - 4 potions of invisibility
 H - 6 potions of haste
 I - a potion of resistance
 L - a potion of berserk rage
 M - 3 potions of might
 Q - a potion of curing
Miscellaneous
 q - a lightning rod (4/4)
 Y - a tin of tremorstones (2/2)


   Skills:
 - Level 5.0 Fighting
 + Level 5.9 Short Blades
 * Level 14.9 Axes
 + Level 7.7 Throwing
 + Level 7.7 Armour
 - Level 6.0 Dodging
 + Level 12.8 Stealth
 * Level 14.5 Shields
 - Level 8.0 Invocations


You had 14 spell levels left.
You didn't know any spells.
Your spell library contained the following spells:

 Spells                   Type           Power      Damage    Failure   Level
 Apportation              Tloc           0%         N/A       90%         1
 Necrotise                Necr           0%         1d4       90%         1
 Slow                     Hex            0%         N/A       90%         1
 Sting                    Conj/Alch      0%         1d3       90%         1
 Cigotuvi's Dreadful Rot  Necr/Alch/Air  0%         N/A       97%         2
 Mercury Vapours          Alch/Air       0%         N/A       97%         2
 Confusing Touch          Hex            0%         N/A       99%         3
 Hailstorm                Conj/Ice       0%         3d5       99%         3
 Inner Flame              Hex/Fire       0%         N/A       99%         3
 Sigil of Binding         Hex            0%         N/A       99%         3
 Vampiric Draining        Necr           0%         2d6       99%         3
 Volatile Blastmotes      Fire/Tloc      0%         2d10      99%         3
 Dimensional Bullseye     Hex/Tloc       0%         N/A       100%        4
 Fulminant Prism          Conj/Alch      0%         3d5       100%        4
 Iskenderun's Mystic Bla Conj/Tloc 0%             2d3        (+2d1     100%        4
 Leda's Liquefaction      Alch/Erth      0%         N/A       100%        4
 Olgreb's Toxic Radiance  Alch           0%         N/A       100%        4
 Petrify                  Alch/Erth      0%         N/A       100%        4
 Vhi's Electric Charge    Tloc/Air       0%         N/A       100%        4
 Arcjolt                  Conj/Air       0%         1d10      100%        5
 Irradiate                Conj/Alch      0%         3d11      100%        5
 Lee's Rapid Deconstruct  Erth           0%         3d4*      100%        5
 Metabolic Englaciation   Hex/Ice        0%         N/A       100%        5
 Permafrost Eruption      Ice/Erth       0%         2x4d1     100%        6
 Plasma Beam              Fire/Air       0%         2x1d10    100%        6
 Ozocubu's Refrigeration  Ice            0%         4d7       100%        7
 Discord                  Hex            0%         N/A       100%        8
 Ignition                 Fire           0%         3d3       100%        8
 Lehudib's Crystal Spear  Conj/Erth      0%         10d2      100%        8
 Summon Small Mammal      Summ           Unusable   N/A       N/A         1
 Call Canine Familiar     Summ           Unusable   N/A       N/A         3
 Summon Ice Beast         Ice/Summ       Unusable   N/A       N/A         3
 Tukima's Dance           Hex            Unusable   N/A       N/A         3
 Sculpt Simulacrum        Ice/Alch       Unusable   N/A       N/A         6
 Spellforged Servitor     Conj/Summ      Unusable   N/A       N/A         7

Dungeon Overview and Level Annotations

Branches:
Dungeon (13/15)            Temple (1/1) D:6            Lair (5/5) D:8
 Shoals (0/4) Lair:3       Spider (1/4) Lair:2        Slime (0/5) Lair:4
    Orc (2/2) D:11            Elf (0/3) Orc:2       Ossuary (visited)
  IceCv (visited)         Gauntlet (visited)
 Vaults: D:13-14

Altars:
Ashenzari
Cheibriados
Dithmenos
Fedhas
Gozag
Hepliaklqana
Kikubaaqudgha
Makhleb
Nemelex Xobeh
Okawaru
Qazlal
Ru
Sif Muna
Trog
Uskayaw
Vehumet
Wu Jian
Xom
Yredelemnul
Beogh

Shops:
D:11 :   Orc:2 ?([*

Portals:
Trove: D:10 (give +6 demon trident)


Innate Abilities, Weirdness & Mutations

You have a pair of horns on your head.
You have a moderately thin skeletal structure. (Dex +4, Stealth++)
You sometimes gain power by taking damage.
Spells you cast may paralyse adjacent enemies.


Message History

The death drake is severely wounded.
You are engulfed in dark miasma.
You are lethally poisoned!
You feel as though you will be slow longer.
* * * LOW HITPOINT WARNING * * *
You focus on the pain.
You feel more agile all of a sudden.
You feel extremely sick. You block the death drake's attack. x2
Okay, then.
Okay, then.
You feel better. You block the death drake's attack. x2
You feel better. You block the death drake's attack.
The death drake breathes miasma at you.
The foul vapour engulfs you but does no damage.
You are engulfed in dark miasma.
You are poisoned.
You feel extremely sick.
The death drake bites you but does no damage.
You block the death drake's attack.
You feel very sick. The death drake breathes miasma at you.
The foul vapour engulfs you but does no damage.
You block the death drake's attack.
You are engulfed in dark miasma.
You are more poisoned.
* * * LOW HITPOINT WARNING * * *
You feel extremely sick. You block the death drake's attack.
You feel better. The death drake breathes miasma at you.
The foul vapour engulfs you but does no damage.
You block the death drake's attack.
You are engulfed in dark miasma.
You are poisoned.
* * * LOW HITPOINT WARNING * * *
x2 You feel extremely sick.
You block the death drake's attack. The death drake barely misses you.
You feel better. You block the death drake's attack.
The death drake breathes miasma at you. The foul vapour engulfs you!
You are poisoned.
You feel as though you will be slow longer.
* * * LOW HITPOINT WARNING * * *
You feel better.
You are engulfed in dark miasma.
You are poisoned.
* * * LOW HITPOINT WARNING * * *
x2 You feel extremely sick.
You block the death drake's attack. The death drake bites you.
You die...

#### ... ###.###
##.....## #.....
#.ß...ß.# ##....?..
..#.....°.### #........
......_k°°..# #........
..#....°@°#.# #........
#.ß..°ß°#.####.........
##..°°.##..............
###.###...............
#. #................
#.........#.........
###.......#.........
#.......#.........
#.......##.)......


You could see a death drake shaped shifter (catching breath).

Vanquished Creatures
  Saint Roka (Orc:2)
  Rupert (Lair:5)
  3 orc warlords
  A quicksilver ooze (Gauntlet)
  The ghost of Qeogosur the Bludgeoner, a journeyman OnBe of Trog (D:12)
  A minotaur (Gauntlet)
  A merfolk impaler (Orc:2)
  The ghost of EvolutionX the Cleaver, a journeyman MiBe of Trog (Orc:2)
  A fire dragon (Lair:5)
  Fannar (Lair:2)
  4 hydras
  5 centaur warriors
  7 death yaks
  7 two-headed ogres
  A death scarab (Gauntlet)
  A tengu warrior (Orc:2)
  2 deep elf knights (Orc:2)
  4 skeletal warriors (D:13)
  5 skysharks
  Lodul (D:11)
  A sun moth (shapeshifter) (D:13)
  A swamp dragon (Lair:5)
  3 obsidian bats (Orc:2)
  A spectral hydra (Gauntlet)
  Pikel (D:6)
  4 orc knights
  4 orc sorcerers
  A deep elf pyromancer (D:12)
  5 ugly things
  2 wolf spiders (Lair:5)
  5 manticores
  4 cyclopes
  A worldbinder (Gauntlet)
  16 elephants (Lair:5)
  3 kobold blastminers (Orc:2)
  2 torpor snails
  A guardian serpent (Lair:5)
  8 black mambas
  Maggie (D:9)
  2 ice statues (IceCv)
  17 cane toads
  A minotaur zombie (Gauntlet)
  2 gargoyles (D:13)
  3 rime drakes (Lair:5)
  A kobold demonologist (D:12)
  A freezing wraith (IceCv)
  2 guardian mummies (D:10)
  9 komodo dragons
  8 trolls
  A wind drake (Lair:3)
  Prince Ribbit (D:9)
  A polar bear (Lair:5)
  Grinder (D:6)
  3 hornets
  22 blink frogs
  2 jumping spiders (Lair:2)
  10 dream sheep
  Sigmund (D:5)
  5 slime creatures (D:12)
  3 shadows
  A wraith (D:9)
  17 wyverns
  34 yaks
  A fire elemental (D:10)
  4 basilisks
  A human (shapeshifter) (D:13)
  11 wargs
  3 redbacks
  4 fire bats (D:10)
  9 vampire mosquitoes
  3 steam dragons
  Menkaure (D:6)
  7 acid dragons
  21 water moccasins
  A hell hound (D:10)
  Duvessa (D:4)
  A swamp drake (Lair:5)
  An ice beast (D:8)
  A laughing skull (D:13)
  3 black bears
  36 orc warriors
  17 ogres
  3 boggarts (Gauntlet)
  8 wolves
  8 centaurs
  A lemure (D:6)
  3 kobold brigands
  Blork the orc (D:5)
  8 bullfrogs
  3 elf zombies (Ossuary)
  3 scorpions
  A cane toad simulacrum (IceCv)
  Dowan (D:4)
  11 killer bees
  An elephant simulacrum (IceCv)
  3 electric eels
  A centaur zombie (Ossuary)
  A howler monkey (D:11)
  2 lava snakes (D:10)
  A quasit (D:6)
  6 human zombies (Ossuary)
  3 hounds
  19 orc priests
  20 orc wizards
  10 iguanas
  A polar bear simulacrum (IceCv)
  A wolf simulacrum (IceCv)
  A crocodile zombie (Ossuary)
  3 mummies (Ossuary)
  8 gnolls
  4 shadow imps (D:6)
  6 white imps
  5 ufetubi (D:6)
  7 ribbon worms
  A dart slug (D:3)
  95 orcs
  7 bats
  12 endoplasms
  5 giant cockroaches
  5 goblins
  6 hobgoblins
  4 jackals (D:5)
  17 kobolds
  4 quokkas
  A ball python (D:4)
  3 frilled lizards
  2 rats
  A spectral hobgoblin (D:3)
704 creatures vanquished.

Vanquished Creatures (others)
  2 orc wizards
2 creatures vanquished.

Grand Total: 706 creatures vanquished

Notes
Turn   | Place    | Note
-------+----------+-------------------------------------------
     0 | D:1      | SlowGraham the Demonspawn Gladiator began the quest for the
                  | Orb.
     0 | D:1      | Reached XP level 1. HP: 16/16 MP: 1/1
   184 | D:1      | Gained mutation: You have a pair of small horns on your
                  | head. [demonic ancestry]
   184 | D:1      | Reached XP level 2. HP: 22/22 MP: 2/2
   574 | D:1      | Gained mutation: You have a pair of horns on your head.
                  | [demonic ancestry]
   574 | D:1      | Reached XP level 3. HP: 28/28 MP: 3/3
   727 | D:1      | You fall into a shaft and drop 1 floor!
  1134 | D:2      | Reached skill level 1 in Shields
  1313 | D:2      | Identified the +5 dagger of the Healing Badger {holy,
                  | *Corrode rF+ Int+4 SInv}
  1943 | D:3      | Found a faded altar of an unknown god.
  2004 | D:3      | Reached XP level 4. HP: 26/33 MP: 4/4
  2302 | D:3      | Reached XP level 5. HP: 15/40 MP: 5/5
  2434 | D:3      | Found a shadowy altar of Dithmenos.
  2878 | D:4      | Noticed Duvessa
  2879 | D:4      | Noticed Dowan
  2903 | D:4      | Killed Duvessa
  2904 | D:4      | Reached skill level 1 in Armour
  2913 | D:4      | Killed Dowan
  2914 | D:4      | Gained mutation: You sometimes gain a little power by
                  | taking damage. [demonic ancestry]
  2914 | D:4      | Reached XP level 6. HP: 24/47 MP: 6/6
  3886 | D:5      | Entered Level 5 of the Dungeon
  4159 | D:5      | Reached skill level 5 in Axes
  4191 | D:5      | Identified the +8 short sword "Ynlarghy" {antimagic, rElec
                  | rC+++ Dex-5 Stlth-}
  4200 | D:5      | Noticed Sigmund
  4246 | D:5      | Reached XP level 7. HP: 41/52 MP: 2/7
  4397 | D:5      | Noticed Blork the orc
  4406 | D:5      | Killed Blork the orc
  4432 | D:5      | Killed Sigmund
  4556 | D:6      | Found a staircase to the Ecumenical Temple.
  4605 | D:6      | Gained mutation: You have a somewhat thin skeletal
                  | structure. (Dex +2, Stealth+) [demonic ancestry]
  4605 | D:6      | Reached XP level 8. HP: 51/60 MP: 2/8
  4627 | Temple   | Entered the Ecumenical Temple
  4644 | Temple   | Became a worshipper of Warmaster Okawaru
  4721 | D:6      | Found a sand-covered staircase.
  4732 | Ossuary  | Entered an ossuary
  4834 | Ossuary  | Reached skill level 5 in Shields
  5201 | D:6      | Found a hazy altar of Hepliaklqana.
  5290 | D:6      | Noticed Menkaure
  5306 | D:6      | Killed Menkaure
  5306 | D:6      | Reached * piety under Okawaru
  5421 | D:6      | Noticed Pikel
  5440 | D:6      | Killed Pikel
  5441 | D:6      | Reached skill level 5 in Fighting
  5441 | D:6      | Reached skill level 1 in Invocations
  5441 | D:6      | Reached XP level 9. HP: 52/68 MP: 0/10
  5865 | D:6      | Noticed Grinder
  5877 | D:6      | Killed Grinder
  5877 | D:6      | Reached ** piety under Okawaru
  6373 | D:7      | Found a broken altar of Ashenzari.
  6905 | D:8      | Reached XP level 10. HP: 71/74 MP: 8/11
  6907 | D:8      | Reached *** piety under Okawaru
  6944 | D:8      | Found a staircase to the Lair.
  7075 | D:8      | Found a sparkling altar of Nemelex Xobeh.
  7239 | D:8      | Noticed a two-headed ogre
  7248 | D:8      | Killed a two-headed ogre
  7249 | D:8      | Reached skill level 5 in Armour
  7445 | D:9      | Noticed Maggie
  7460 | D:9      | Reached skill level 1 in Stealth
  7461 | D:9      | Killed Maggie
  7468 | D:9      | Reached **** piety under Okawaru
  7696 | D:9      | Noticed Prince Ribbit
  7720 | D:9      | Killed Prince Ribbit
  7814 | D:9      | Reached skill level 5 in Stealth
  7895 | D:9      | Found a stormy altar of Qazlal.
  7901 | D:9      | Found a snail-covered altar of Cheibriados.
  7902 | D:9      | Found a shimmering altar of Xom.
  7902 | D:9      | Found a blossoming altar of Fedhas.
  7902 | D:9      | Found a sacrificial altar of Ru.
  7979 | D:9      | Reached skill level 10 in Axes
  8111 | D:10     | Entered Level 10 of the Dungeon
  8336 | D:10     | Reached XP level 11. HP: 76/79 MP: 12/12
  8345 | D:10     | Reached ***** piety under Okawaru
  8375 | D:10     | Identified a scroll of acquirement
  8375 | D:10     | Acquired a +2 vampiric broad axe
  8610 | D:10     | Identified the orb of Good Intentions {*channel, rF+++
                  | Str-3 Int+3 SInv}
  8658 | D:10     | Found a basalt altar of Yredelemnul.
  8669 | D:10     | Noticed a two-headed ogre
  8679 | D:10     | Killed a two-headed ogre
  8858 | D:10     | Found a portal to a secret trove of treasure.
  9001 | D:11     | Noticed a two-headed ogre
  9015 | D:11     | Killed a two-headed ogre
  9015 | D:11     | Received a gift from Okawaru
  9016 | D:11     | Reached skill level 10 in Shields
  9102 | D:11     | Reached skill level 5 in Invocations
  9292 | D:11     | Noticed a two-headed ogre
  9303 | D:11     | Killed a two-headed ogre
  9386 | D:11     | Found a shimmering blue altar of Sif Muna.
  9670 | D:11     | Found Etubbeink's Book Shop.
  9847 | D:11     | Noticed Lodul
  9901 | D:11     | Gained mutation: You sometimes gain power by taking damage.
                  | [demonic ancestry]
  9901 | D:11     | Reached XP level 12. HP: 86/86 MP: 11/16
  9906 | D:11     | Killed Lodul
  9906 | D:11     | Received a gift from Okawaru
 10100 | D:11     | Found a staircase to the Orcish Mines.
 10312 | Lair:1   | Entered Level 1 of the Lair of Beasts
 10420 | Lair:1   | You fall into a shaft and drop 1 floor!
 10667 | Lair:1   | Identified the +8 rapier of Douceih {protect, Str+3}
 10958 | Lair:1   | Received a gift from Okawaru
 11341 | Lair:2   | Noticed a seven-headed hydra
 11357 | Lair:2   | Killed a seven-headed hydra
 11363 | Lair:2   | Found a hole to the Spider Nest.
 11439 | Lair:2   | Noticed a death yak
 11442 | Lair:2   | Noticed a death yak
 11463 | Lair:2   | Killed a death yak
 11512 | Lair:2   | Noticed a death yak
 11512 | Lair:2   | Noticed a death yak
 11537 | Lair:2   | Killed a death yak
 11548 | Lair:2   | Killed a death yak
 11558 | Lair:2   | Killed a death yak
 11559 | Lair:2   | Reached skill level 10 in Stealth
 11800 | Lair:2   | Noticed Fannar
 11818 | Lair:2   | Killed Fannar
 11819 | Lair:2   | Gained mutation: You have a moderately thin skeletal
                  | structure. (Dex +4, Stealth++) [demonic ancestry]
 11819 | Lair:2   | Reached XP level 13. HP: 64/91 MP: 18/18
 12492 | Spider:1 | Entered Level 1 of the Spider Nest
 12616 | Lair:3   | Received a gift from Okawaru
 12687 | Lair:3   | Reached ****** piety under Okawaru
 12707 | Lair:3   | Acquired the +7 broad axe "Foluqi Wupe" {god gift, venom,
                  | rC+ Dex+3}
 12707 | Lair:3   | Received a gift from Okawaru
 12709 | Lair:3   | Acquired the +1 pearl dragon scales "Biasar" {god gift,
                  | ^Drain rN+ Int+5}
 12709 | Lair:3   | Received a gift from Okawaru
 12752 | Lair:3   | Found a staircase to the Shoals.
 12966 | Lair:3   | Reached skill level 1 in Short Blades
 13571 | Lair:4   | Reached skill level 5 in Throwing
 13609 | Lair:4   | Found a staircase to the Slime Pits.
 13725 | Lair:4   | Found a runed translucent door.
 13793 | Lair:4   | Received a gift from Okawaru
 14436 | Lair:5   | Entered Level 5 of the Lair of Beasts
 14503 | Lair:5   | Reached skill level 5 in Dodging
 14773 | Lair:5   | Received a gift from Okawaru
 14810 | Lair:5   | Gained mutation: Spells you cast may paralyse adjacent
                  | enemies. [demonic ancestry]
 14810 | Lair:5   | Reached XP level 14. HP: 45/98 MP: 16/20
 14968 | Lair:5   | Noticed Rupert
 14995 | Lair:5   | Killed Rupert
 14995 | Lair:5   | Received a gift from Okawaru
 15497 | Lair:5   | Received a gift from Okawaru
 16163 | Orc:1    | Entered Level 1 of the Orcish Mines
 16178 | Orc:1    | Noticed an orc warlord
 16224 | Orc:1    | Killed an orc warlord
 16277 | Orc:1    | Found an ornate altar of the Wu Jian Council.
 16277 | Orc:1    | Found a transporter.
 16302 | Orc:1    | Found a transporter.
 16309 | Orc:1    | Found a transporter.
 16376 | Orc:1    | Noticed an orc warlord
 16376 | Orc:1    | Found an ornate altar of the Wu Jian Council.
 16376 | Orc:1    | Found a transporter.
 16405 | Orc:1    | Killed an orc warlord
 16633 | Orc:2    | Entered Level 2 of the Orcish Mines
 16633 | Orc:2    | Noticed an orc warlord
 16634 | Orc:2    | Found a roughly hewn altar of Beogh.
 16675 | Orc:2    | Killed an orc warlord
 16675 | Orc:2    | Received a gift from Okawaru
 16680 | Orc:2    | Found a staircase to the Elven Halls.
 16695 | Orc:2    | Found a gate leading to a gauntlet.
 16704 | Gauntlet | Entered a Gauntlet
 16704 | Gauntlet | Found a transporter.
 16708 | Gauntlet | Found a transporter.
 16709 | Gauntlet | Found a transporter.
 16725 | Gauntlet | Found a transporter.
 16726 | Gauntlet | Found a transporter.
 16733 | Gauntlet | Noticed a quicksilver ooze
 16735 | Gauntlet | Found a transporter.
 16750 | Gauntlet | Found a transporter.
 16757 | Gauntlet | Found the necklace of Bloodlust {Fury *Rage Will++ Int-3
                  | Slay+6}
 16759 | Gauntlet | Found a transporter.
 16763 | Gauntlet | Found a runed translucent door.
 16770 | Gauntlet | Found a transporter.
 16780 | Gauntlet | Found a transporter.
 16784 | Gauntlet | Found a transporter.
 16816 | Gauntlet | Found a transporter.
 16825 | Gauntlet | Found a transporter.
 16831 | Gauntlet | Found a transporter.
 16941 | Gauntlet | Acquired 745 gold pieces
 16955 | Gauntlet | Killed a quicksilver ooze
 16956 | Gauntlet | Reached XP level 15. HP: 97/99 MP: 18/21
 16960 | Gauntlet | Identified the +1 hat of Kacs {rN+}
 16980 | Gauntlet | Identified the +1 flail of Conformity {flame, Int+3}
 17000 | Gauntlet | Got the Compilation of the Solution
 17225 | Orc:2    | Found a runed translucent gate.
 17226 | Orc:2    | Found a runed translucent gate.
 17227 | Orc:2    | Found a runed translucent gate.
 17259 | Orc:2    | Noticed EvolutionX's ghost (journeyman MiBe)
 17507 | Orc:2    | Noticed Saint Roka
 17569 | Orc:2    | Killed Saint Roka
 17643 | Orc:2    | Found Ypsuf's Antique Weapon Shoppe.
 17644 | Orc:2    | Found a roughly hewn altar of Beogh.
 17645 | Orc:2    | Found Xinoixef's Antique Armour Emporium.
 17722 | Orc:2    | Found a roughly hewn altar of Beogh.
 17725 | Orc:2    | Reached skill level 5 in Short Blades
 17797 | Orc:2    | Found a roughly hewn altar of Beogh.
 17803 | Orc:2    | Found Marchuxty's Magic Scroll Shoppe.
 17815 | Orc:2    | Received a gift from Okawaru
 17882 | Orc:2    | Found a roughly hewn altar of Beogh.
 17889 | Orc:2    | Found Qyll's Assorted Antiques.
 17989 | Orc:2    | Found a roughly hewn altar of Beogh.
 18059 | Orc:2    | Found a roughly hewn altar of Beogh.
 18128 | Orc:2    | Found a roughly hewn altar of Beogh.
 18236 | Orc:2    | Found an iron altar of Okawaru.
 18632 | Orc:2    | Killed EvolutionX's ghost
 18691 | Orc:2    | Identified the +0 pair of boots of Vexation {Int+2}
 18760 | Orc:2    | Bought a scroll of teleportation for 45 gold pieces
 18760 | Orc:2    | Bought a scroll of acquirement for 780 gold pieces
 18760 | Orc:2    | Bought a scroll of fog for 60 gold pieces
 18760 | Orc:2    | Bought a scroll of teleportation for 45 gold pieces
 18760 | Orc:2    | Acquired a manual of Shields
 18820 | Orc:2    | Bought a lightning rod (4/4) for 1360 gold pieces
 18872 | Orc:2    | Bought a pair of embroidered gloves for 270 gold pieces
 18872 | Orc:2    | Bought a dazzling ring mail for 324 gold pieces
 18872 | Orc:2    | Identified the +0 ring mail "Iheowuju" {+Blink Int+3 Dex+3
                  | Stlth-} (You bought it in a shop on level 2 of the Orcish
                  | Mines)
 18893 | Orc:2    | Bought an ivory rapier for 279 gold pieces
 18893 | Orc:2    | Identified the +1 rapier of Tumult {freeze, Str+2} (You
                  | bought it in a shop on level 2 of the Orcish Mines)
 19171 | D:12     | Found a runed translucent gate.
 19171 | D:12     | Found a runed translucent gate.
 19171 | D:12     | Found a runed translucent gate.
 19186 | D:12     | Received a gift from Okawaru
 19208 | D:12     | Found a frozen archway.
 19232 | IceCv    | Entered an ice cave
 19235 | IceCv    | Found a transporter.
 19263 | IceCv    | Found a transporter.
 19355 | IceCv    | Got Dam Leonn's Teachings on Wounds
 19575 | D:12     | Noticed Qeogosur's ghost (journeyman OnBe)
 19599 | D:12     | Killed Qeogosur's ghost
 19769 | D:13     | Identified the +0 dagger "Esaybbo" {antimagic, Fly}
 19801 | D:13     | Received a gift from Okawaru
 20014 | D:13     | Found an opulent altar of Gozag.
 20034 | D:13     | HP: 4/103 [poisoned by a death drake (dark miasma)]
 20034 | D:13     | Slain by a death drake (shapeshifter)

Illustrated notes

Levels and vault maps discovered:
D:1:      grunt_arrival_crossed_arrows, layout_basic
D:2:      layout_basic, minmay_misc_feat_square, minmay_bisected
D:3:      layout_rooms, old_standard_altar, serial_glass, glass_columns_b,
          glass_columns_b, dreamdust_ecumenical_altar_drowned_temple,
          minivault_5, patterned_corridor
D:4:      layout_loops_corners, uniq_duvessa
D:5:      layout_rooms, uniq_sigmund, uniq_blork_the_orc
D:6:      layout_basic, mainiacjoe_overflow_six_doors_small,
          minmay_temple_entry_sparse_star, serial_demonic, serial_demonic_g,
          serial_demonic_d, serial_demonic_d, serial_demonic_e,
          mainiacjoe_ossuary_entry_dusty_tomb, uniq_grinder, uniq_menkaure,
          uniq_pikel
D:7:      layout_basic, mainiacjoe_overflow_boulevard
D:8:      layout_rooms, nemelex_spade_bored_becter, lair_entry_dummy,
          minmay_manual_mandibuliform
D:9:      layout_rooms, minitemple, uniq_prince_ribbit1, uniq_maggie
D:10:     layout_long_grid, mainiacjoe_overflow_catwalk,
          nicolae_trove_entry_path_of_doom, chequers_hall_statues_wall_a,
          hangedman_incinerator
D:11:     layout_long_grid, erik_orc_2, serial_shops,
          nicolae_shop_hallway_stairs, lemuel_blue_sif_altar, uniq_lodul
D:12:     layout_rooms, ebering_ghost_rock_garden,
          portal_ice_cave_entry_pillars_1
D:13:     layout_rooms, skrybe_vaults_entry_preservation, minivault_20,
          minmay_misc_feat_secret_circle, grunt_gozag_statues
Temple:   nicolae_temple_ecumenical_triangle
Lair:1:   layout_hall_layers, serial_bayou_shore_a
Lair:2:   layout_cave_pods, spider_nest_entry_a, serial_bayou_shore_b,
          uniq_fannar
Lair:3:   layout_gridlike, minmay_shoals_entry_beasts
Lair:4:   layout_loops_ring, slime_entry_1, pf_torpor_hydra
Lair:5:   hangedman_lair_tendril_chambers, layout_loops_ring,
          guppyfry_lair_end_dragon, columned_hall_lemuel, uniq_rupert
Spider:1: gammafunk_boulding_lane, hangedman_spider_tarantella_strand
Orc:1:    dreamdust_wu_jian_sword_trials, layout_caves
Orc:2:    grunt_orc_community_town_hall, layout_diamond_mine,
          grunt_orc_community_big_house_2, grunt_orc_community_big_house_2,
          grunt_orc_community_house_1, grunt_orc_community_house_3,
          grunt_orc_community_house_3, grunt_orc_community_house_2,
          grunt_orc_community_house_1, gauntlet_entry_generic,
          gammafunk_ghost_fury_of_okawaru, mines2_lemuel

Skill      XL: |  1  2  3  4  5  6  7  8  9 10 11 12 13 14 15 |
---------------+----------------------------------------------+-----
Axes           | 3 4 5 7 8 10 11 12 13 14 | 14.9
Shields        | 1 2 3 4 6 7 9 10 11 12 13 14 | 14.5
Fighting       | 3 4 5 |  5.0
Armour         | 1 2 3 4 5 6 7 |  7.7
Invocations    | 1 2 5 7 8 |  8.0
Stealth        | 5 8 10 11 12 | 12.8
Throwing       | 2 4 5 6 7 |  7.7
Dodging        | 4 5 6 |  6.0
Short Blades   | 2 4 5 |  5.9

Action                     |  1- 3 |  4- 6 |  7- 9 | 10-12 | 13-15 || total
---------------------------+-------+-------+-------+-------+-------++-------
  Melee: War axe           |   131 |   119 |    83 |   164 |       ||   497
         Headbutt          |    23 |    25 |    80 |   159 |   361 ||   648
         Short sword       |       |     4 |   252 |     8 |       ||   264
         Broad axe         |       |       |       |   509 |  1262 ||  1771
         Rapier            |       |       |       |     7 |    81 ||    88
  Throw: Stone             |    15 |    23 |    17 |    55 |    54 ||   164
         Javelin           |     3 |     3 |     2 |       |       ||     8
         Boomerang         |     9 |     2 |    20 |    90 |     1 ||   122
         Throwing net      |       |     3 |     3 |       |       ||     6
         Dart              |       |       |       |     3 |     3 ||     6
 Invoke: Heroism           |       |       |     4 |     6 |     2 ||    12
         Finesse           |       |       |       |     2 |    15 ||    17
         Receive Weapon    |       |       |       |       |     1 ||     1
         Receive Armour    |       |       |       |       |     1 ||     1
  Evoke: Wand              |       |     9 |    15 |    16 |     3 ||    43
    Use: Scroll            |       |    14 |    10 |     9 |    13 ||    46
         Potion            |       |     2 |     6 |     3 |    14 ||    25
   Stab: Sleeping          |     1 |       |       |     7 |    42 ||    50
         Paralysed         |       |       |     5 |       |       ||     5
         Distracted        |       |       |       |     1 |     3 ||     4
 Armour: Leather armour    |    86 |       |       |       |       ||    86
         Ring mail         |       |    66 |       |       |       ||    66
         Scale mail        |       |    12 |       |       |       ||    12
         Chain mail        |       |     6 |   195 |       |       ||   201
         Plate armour      |       |       |    16 |    15 |    54 ||    85
         Acid dragon scale |       |       |       |   301 |    17 ||   318
         Pearl dragon scal |       |       |       |       |   726 ||   726
  Dodge: Dodged            |    69 |    62 |   100 |   138 |   353 ||   722
  Block: Tower shield      |    39 |       |    43 |   816 |  1874 ||  2772
         Other             |       |     6 |    46 |       |       ||    52
         Reflection        |       |     1 |    11 |     6 |       ||    18

Table legend: (Time is in decaauts)
 A = Elapsed time spent in this place.
 B = Non-inter-level travel time spent in this place.
 C = Inter-level travel time spent in this place.
 D = Time resting spent in this place.
 E = Time spent auto-exploring this place.
 F = Levels seen in this place.
 G = Mean time per level.
                   A        B        C        D        E       F      G
               +--------+--------+--------+--------+--------+-----+--------+
         Total |  20234 |  19257 |    977 |   2239 |  10648 |  25 |  809.4 |
       Dungeon |  11107 |  10660 |    447 |   1445 |   6083 |  13 |  854.4 |
        Temple |     30 |     18 |     12 |      0 |      0 |   1 |   30.0 |
          Lair |   5815 |   5595 |    220 |    411 |   3430 |   5 | 1163.0 |
   Spider Nest |     15 |     15 |      0 |      0 |      0 |   1 |   15.0 |
  Orcish Mines |   2332 |   2035 |    297 |    163 |   1069 |   2 | 1166.0 |
       Ossuary |    408 |    408 |      0 |    147 |     41 |   1 |  408.0 |
      Ice Cave |    160 |    160 |      0 |     38 |      0 |   1 |  160.0 |
      Gauntlet |    363 |    363 |      0 |     34 |     25 |   1 |  363.0 |
               +--------+--------+--------+--------+--------+-----+--------+

Top non-repeatable levels by time:
   Orc:2: 1680 daAuts
  Lair:5: 1560 daAuts
    D:11: 1451 daAuts
  Lair:2: 1309 daAuts
     D:4: 1188 daAuts
  Lair:4: 1054 daAuts
  Lair:1: 1013 daAuts
     D:2: 973 daAuts
    D:10: 963 daAuts
     D:6: 960 daAuts
     D:3: 915 daAuts
     D:1: 888 daAuts
  Lair:3: 878 daAuts
     D:7: 802 daAuts
     D:8: 732 daAuts
